 Dungeon Crawl Stone Soup version 0.30-a0-12-gd8047c6341 (webtiles) character file.

Game seed: 8421610646548756922

2423 QueenGhuleh the Cruncher (level 9, -1/78 HPs)
             Began as a Minotaur Berserker on Aug 23, 2022.
             Was a Priest of Trog.
             Slain by a steam dragon (3 damage)
             ... on level 7 of the Dungeon.
             The game lasted 00:10:53 (7894 turns).

QueenGhuleh the Cruncher (Minotaur Berserker)       Turns: 7894, Time: 00:10:54

Health: -1/78      AC: 11    Str: 26    XL:     9   Next: 24%
Magic:  8/8        EV: 10    Int:  4    God:    Trog [***...]
Gold:   391        SH:  0    Dex: 10    Spells: 8/8 levels left

rFire   . . .      SeeInvis .    j - +3 quarterstaff (chaos)
rCold   . . .      Faith    .    (shield currently unavailable)
rNeg    . . .      Spirit   .    o - +0 chain mail
rPois   .          Reflect  .    (helmet restricted)
rElec   .          Harm     .    (no cloak)
rCorr   .          Rampage  .    (no gloves)
Will    .....                    (no boots)
Stlth   ..........               (no amulet)
HPRegen 0.23/turn                (no ring)
MPRegen 0.11/turn                (no ring)

@: on berserk cooldown, slowed, very slow
A: horns 2, retaliatory headbutt
a: Renounce Religion, Berserk, Trog's Hand


You were on level 7 of the Dungeon.
You worshipped Trog.
Trog was most pleased with you.
You visited 1 branch of the dungeon, and saw 7 of its levels.

You collected 391 gold pieces.

Inventory:

Hand Weapons
 j - a +3 quarterstaff of chaos (weapon)
 l - a +0 war axe
Armour
 o - a +0 chain mail (worn)
Scrolls
 a - a scroll of magic mapping {unknown}
 c - 3 scrolls of enchant weapon {unknown}
 d - 9 scrolls of identify {unknown}
 i - a scroll of amnesia {unknown}
 k - 2 scrolls of fear {unknown}
 p - a scroll of blinking {unknown}
Potions
 b - 2 potions of cancellation {unknown}
 e - a potion of invisibility {unknown}
 f - 2 potions of brilliance {unknown}
 g - 3 potions of curing {unknown}
 h - 2 potions of mutation {unknown}
 m - a potion of lignification {unknown}
 n - a potion of heal wounds {unknown}


   Skills:
 + Level 6.4 Fighting
 + Level 5.1 Axes
 + Level 8.8 Staves
 + Level 8.7 Armour
 + Level 4.6 Dodging
 + Level 2.2 Stealth


You had 8 spell levels left.
You didn't know any spells.
Your spell library was empty.

Dungeon Overview and Level Annotations

Branches:
Dungeon (7/15)             Temple (0/1) D:5

Altars:
Elyvilon
Fedhas
Qazlal
Zin


Innate Abilities, Weirdness & Mutations

You have a pair of horns on your head.
You reflexively headbutt those who attack you in melee.


Message History

* * * LOW HITPOINT WARNING * * *
You closely miss the orc wizard. You headbutt the orc wizard!
You kill the orc wizard!
Trog accepts your kill.
Trog appreciates your killing of a magic user.
You are engulfed in a cloud of scalding steam.
You closely miss the orc warrior.
The orc warrior is heavily wounded.
You are engulfed in a cloud of scalding steam.
* * * LOW HITPOINT WARNING * * *
The orc warrior hits you with a +0 dire flail!
* * * LOW HITPOINT WARNING * * *
You bludgeon the orc warrior!! You freeze the orc warrior.
You kill the orc warrior!
Trog accepts your kill. The steam dragon completely misses you.
The steam dragon claws you but does no damage.
Your orc wizard zombie hits the steam dragon but does no damage.
Things that are here:
a +0 dire flail; a +0 chain mail; an orc corpse You feel a strong urge to attack something.
The steam dragon breathes steam at you. The ball of steam hits you!
* * * LOW HITPOINT WARNING * * *
You swap places.
Your orc wizard zombie is engulfed in a cloud of scalding steam.
Things that are here:
a +0 flail; 19 gold pieces; a +0 flail You feel your anger nearly subside.
You are no longer berserk.
You are exhausted.
You feel yourself slow down. The steam dragon closely misses you.
You furiously retaliate!
You headbutt the steam dragon!
The steam dragon claws you but does no damage.
The steam dragon attacks as you move away!
The steam dragon bites you.
* * * LOW HITPOINT WARNING * * *
The steam dragon barely misses you.
Your orc wizard zombie is engulfed in a cloud of scalding steam.
The steam dragon bites you.
You die...

#.........###..
#...........#..
#.............#
#............##
#.............#
#.............# .
#....<.........
#.
#......@.......
##.
#......D.......
#..
#...§§Z.......#
##..
.#§..§§.......##
#...
.....§§§§).....##
##...
...§§.§§.#...###
#....
.........#.###
#...<
..#.....##.#
##...
###_....#..# #...


You could see a steam dragon (catching breath, ally target) and a friendly orc
wizard zombie.

Vanquished Creatures
  A cyclops (D:6)
  Maggie (D:7)
  Sigmund (D:6)
  Menkaure (D:7)
  2 water moccasins (D:6)
  An ice beast (D:6)
  A black bear (D:6)
  An orc warrior (D:7)
  2 ogres
  2 centaurs
  2 scorpions
  A gnoll bouda (D:5)
  4 hounds
  Crazy Yiuf (D:2)
  4 orc priests (D:7)
  3 iguanas
  5 orc wizards
  5 gnolls (D:5)
  2 adders
  A shadow imp (D:7)
  An ufetubus (D:6)
  2 dart slugs
  14 orcs
  10 endoplasms
  A giant cockroach (D:4)
  3 goblins (D:1)
  5 hobgoblins
  10 jackals (D:1)
  A quokka (D:5)
  5 ball pythons
  6 bats
  5 frilled lizards
  7 kobolds
  4 rats
115 creatures vanquished.

Vanquished Creatures (others)
  An orc (D:7)
  3 fungi (D:2)
4 creatures vanquished.

Grand Total: 119 creatures vanquished

Notes
Turn   | Place    | Note
-------+----------+-------------------------------------------
     0 | D:1      | QueenGhuleh the Minotaur Berserker began the quest for the
                  | Orb.
     0 | D:1      | Reached XP level 1. HP: 19/19 MP: 0/0
   607 | D:1      | Reached XP level 2. HP: 25/27 MP: 1/1
   923 | D:1      | Reached ** piety under Trog
  1101 | D:1      | Reached XP level 3. HP: 29/33 MP: 2/2
  2797 | D:2      | Found a runed translucent door.
  2798 | D:2      | Noticed Crazy Yiuf
  2804 | D:2      | Killed Crazy Yiuf
  2805 | D:2      | Reached XP level 4. HP: 41/41 MP: 3/3
  2864 | D:3      | Found a white marble altar of Elyvilon.
  3701 | D:4      | Reached skill level 5 in Axes
  4185 | D:4      | Found a stormy altar of Qazlal.
  4248 | D:4      | Reached skill level 1 in Stealth
  4385 | D:4      | Reached XP level 5. HP: 47/47 MP: 4/4
  4756 | D:5      | Entered Level 5 of the Dungeon
  4779 | D:5      | Reached skill level 1 in Staves
  5076 | D:5      | Found a glowing silver altar of Zin.
  5116 | D:5      | Reached XP level 6. HP: 53/53 MP: 5/5
  5199 | D:5      | Found a staircase to the Ecumenical Temple.
  5748 | D:6      | Identified the +5 hand axe of the Floral God {vamp, rPois}
  5778 | D:6      | Noticed a water moccasin
  5781 | D:6      | Killed a water moccasin
  5782 | D:6      | Reached skill level 5 in Fighting
  5782 | D:6      | Reached skill level 5 in Armour
  5782 | D:6      | Reached XP level 7. HP: 53/61 MP: 6/6
  6248 | D:6      | Found a sand-covered staircase.
  6505 | D:6      | Noticed a cyclops
  6550 | D:6      | Reached skill level 5 in Staves
  6563 | D:6      | Reached XP level 8. HP: 69/69 MP: 7/7
  6576 | D:6      | Killed a cyclops
  6579 | D:6      | Reached *** piety under Trog
  6848 | D:6      | Noticed Sigmund
  6857 | D:6      | Killed Sigmund
  7540 | D:7      | Noticed Menkaure
  7542 | D:7      | Noticed Maggie
  7548 | D:7      | Killed Maggie
  7549 | D:7      | Reached XP level 9. HP: 23/75 MP: 8/8
  7551 | D:7      | Killed Menkaure
  7857 | D:7      | Found a blossoming altar of Fedhas.
  7891 | D:7      | HP: 3/117 [steam dragon/ball of steam (12)]
  7894 | D:7      | HP: 1/78 [steam dragon (1)]
  7894 | D:7      | Slain by a steam dragon

Illustrated notes

Levels and vault maps discovered:
D:1:      minmay_arrival_four_loops, layout_loops_ring
D:2:      layout_basic, uniq_crazy_yiuf_cottage
D:3:      layout_loops_corners, nicolae_overflow_hidden_temple,
          minmay_misc_feat_more_columns, minmay_misc_feat_cross
D:4:      layout_loops_ring, nicolae_qazlal_scattered_showers
D:5:      layout_loops_ring, zin_treasury, minmay_temple_entry_purple_smoke
D:6:      minmay_clustersquares, layout_cave_pods, enter_ossuary_5, uniq_sigmund
D:7:      layout_cave_pods, gammafunk_temple_overflow_statue,
          overflow_temple_1_default, gammafunk_ghost_necromancy, uniq_maggie,
          uniq_menkaure

Skill      XL: |  1  2  3  4  5  6  7  8 |
---------------+-------------------------+-----
Axes           | 4 5 |  5.1
Fighting       | 4 5 6 |  6.4
Armour         | 3 4 5 6 8 |  8.7
Stealth        | 1 2 |  2.2
Staves         | 2 4 5 8 |  8.8
Dodging        | 3 4 |  4.6

Action                   |  1- 3 |  4- 6 |  7- 9 || total
-------------------------+-------+-------+-------++-------
Melee: Hand axe          |    85 |       |       ||    85
       Headbutt          |    11 |    13 |    16 ||    40
       Punch             |     2 |       |       ||     2
       Quarterstaff      |       |    78 |    92 ||   170
Invok: Berserk           |     2 |     1 |     7 ||    10
 Stab: Paralysed         |       |     1 |       ||     1
Armor: Animal skin       |    14 |       |       ||    14
       Ring mail         |     4 |    34 |     1 ||    39
       Chain mail        |       |       |    43 ||    43
Dodge: Dodged            |    55 |    34 |    51 ||   140

Table legend: (Time is in decaauts)
 A = Elapsed time spent in this place.
 B = Non-inter-level travel time spent in this place.
 C = Inter-level travel time spent in this place.
 D = Time resting spent in this place.
 E = Time spent auto-exploring this place.
 F = Levels seen in this place.
 G = Mean time per level.
                   A        B        C        D        E       F      G
               +--------+--------+--------+--------+--------+-----+--------+
         Total |   7988 |   7780 |    208 |      0 |   6872 |   7 | 1141.1 |
       Dungeon |   7988 |   7780 |    208 |      0 |   6872 |   7 | 1141.1 |
               +--------+--------+--------+--------+--------+-----+--------+

Top non-repeatable levels by time:
     D:1: 1659 daAuts
     D:6: 1401 daAuts
     D:2: 1229 daAuts
     D:4: 1074 daAuts
     D:5: 1003 daAuts
     D:3: 836 daAuts
     D:7: 784 daAuts
